 Dungeon Crawl Stone Soup version 0.26-a0-491-g70697cc071 (webtiles) character file.

Game seed: 17411714786116171719

70 MrRokkomies the Slasher (level 4, -8/31 HPs)
             Began as an Octopode Chaos Knight on Aug 5, 2020.
             Was a Plaything of Xom.
             Mangled by a sun demon (27 damage)
             ... summoned by Xom
             ... on level 2 of the Dungeon.
             The game lasted 00:01:53 (6548 turns).

MrRokkomies the Slasher (Octopode Chaos Knight)     Turns: 6548, Time: 00:01:53

Health: -8/31      AC:  1    Str: 11    XL:     4   Next: 21%
Magic:  4/4        EV: 13    Int: 15    God:    Xom [......]
Gold:   127        SH:  0    Dex: 11    Spells: 3/3 levels left

rFire    . . .     SeeInvis .   a - +0 falchion (chaos)
rCold    . . .     Faith    .   (no shield)
rNeg     . . .     Spirit   .   (helmet restricted)
rPois    .         Reflect  .   (no amulet)
rElec    .         Harm     .   (no ring)
rCorr    .                      (no ring)
MR       .....                  (no ring)
Stlth    ++........             (no ring)
HPRegen  0.10/turn              (no ring)
MPRegen  0.09/turn              (no ring)
                                (no ring)
                                (no ring)

@: drained
A: almost no armour, stealthy swim, amphibious, 8 rings, constrict 8, camouflage
1, gelatinous body 1
a: Renounce Religion


You were on level 2 of the Dungeon.
You worshipped Xom.
You were a very special plaything of Xom.
You visited 1 branch of the dungeon, and saw 2 of its levels.

You collected 127 gold pieces.

Inventory:

Hand Weapons
 a - a +0 falchion of chaos (weapon)
Scrolls
 b - 2 scrolls of remove curse {unknown}
 e - 3 scrolls of identify {unknown}
 f - a scroll of enchant armour {unknown}
 h - a scroll of fear {unknown}
 i - 2 scrolls of teleportation {unknown}
Potions
 c - a potion of stabbing {unknown}
 d - a potion of might {unknown}
 g - a potion of degeneration {unknown}
 j - a potion of brilliance {unknown}
 k - 3 potions of heal wounds {unknown}
 l - a potion of curing {unknown}


   Skills:
 + Level 3.4(2.2) Fighting
 * Level 3.7(2.6) Long Blades
 * Level 3.2(2.1) Dodging
 + Level 1.9(0.8) Stealth


You had 3 spell levels left.
You didn't know any spells.
Your spell library was empty.

Dungeon Overview and Level Annotations

Branches:
Dungeon (2/15)

Altars:
Makhleb


Innate Abilities, Weirdness & Mutations

You cannot wear most types of armour.
You are very stealthy in the water. (Stealth+)
You are amphibious.
You can wear up to eight rings at the same time.
You can use your tentacles to constrict eight enemies at once.
Your skin changes colour to match your surroundings (Stealth+).
Your rubbery body absorbs attacks. (AC +1, EV +1)


Message History

Things that are here:
an adder corpse; a leopard gecko corpse
e - 3 scrolls labeled AGUCRAXINI (gained 1)
Found a stone staircase leading down.
You now have 127 gold pieces (gained 9).
Done exploring.
Done exploring.
You start waiting.
Done waiting.
You start waiting. "You have displeased me, mortal."
Your body is wracked with pain!
You start resting. "Time to have some fun!"
You hit the sun demon.
Space bends around the sun demon.
Your grab misses the sun demon.
The sun demon is lightly wounded.
The sun demon hits you!!
Ouch! That really hurt!
You die...

##..............#
##....#.........#
##...#)#(#.......#
[........#.......#
#..##..#.#.......#############
.................##..........#
###################..........#
..[............3.5#..........#
..####....#...##@.#..........#
### #....#...###.#..........#
######....##..###5#..........#
#........###......#<........>#
#....#...# ##.....#..........#
#....#...# ###...#..#########
#...##..## ####.#.## #.####..#
####..).#.#
.......####.......#.#


You could see a sun demon (summoned) and 2 white imps.

Vanquished Creatures
  2 adders (D:2)
  A worm (D:2)
  3 dart slugs (D:2)
  A leopard gecko (D:2)
  A ball python (D:1)
  3 bats
  3 giant cockroaches
  7 goblins
  5 hobgoblins
  2 jackals (D:1)
  4 frilled lizards
  5 kobolds
  4 rats
41 creatures vanquished.

Notes
Turn   | Place    | Note
-------+----------+-------------------------------------------
     0 | D:1      | MrRokkomies the Octopode Chaos Knight began the quest for
                  | the Orb.
     0 | D:1      | Reached XP level 1. HP: 16/16 MP: 1/1
   372 | D:1      | Reached XP level 2. HP: 21/21 MP: 2/2
   545 | D:1      | XOM: silly message
   561 | D:1      | Reached skill level 1 in Stealth
   755 | D:1      | XOM: noise
   886 | D:1      | XOM: torment (12/21 hp)
  1595 | D:1      | XOM: divination: detect creatures
  2165 | D:1      | XOM: divination: detect creatures
  3544 | D:1      | XOM is BORED!
  3544 | D:1      | XOM: noise
  4730 | D:1      | XOM: silly message
  5186 | D:1      | XOM is BORED!
  5186 | D:1      | XOM: silly message
  5276 | D:1      | XOM: silly message
  5412 | D:1      | Touched by the power of Zot.
  5619 | D:2      | Reached XP level 3. HP: 15/26 MP: 3/3
  5750 | D:2      | XOM: noise
  5758 | D:2      | XOM: divination: magic mapping
  6013 | D:2      | Found a burning altar of Makhleb.
  6243 | D:2      | Reached XP level 4. HP: 27/31 MP: 4/4
  6361 | D:2      | XOM: noise
  6530 | D:2      | XOM: torment (17/31 hp)
  6547 | D:2      | XOM: summons 3 hostile demons
  6548 | D:2      | Noticed a sun demon
  6548 | D:2      | Mangled by a sun demon

Illustrated notes

Levels and vault maps discovered:
D:1:      eino_arrival_tree_alley, layout_loops_ring
D:2:      minmay_recursive_quarters, layout_rooms,
          nicolae_overflow_crystal_walls

Skill      XL: |  1  2  3 |
---------------+----------+-----
Stealth        | 1 |  1.9
Dodging        | 3 |  3.2
Fighting       | |  3.4
Long Blades    | |  3.7

Action                   |  1- 3 |  4- 6 || total
-------------------------+-------+-------++-------
Melee: Falchion          |    68 |     6 ||    74
       Constrict         |    25 |     1 ||    26
       Tentacles         |     9 |       ||     9
 Stab: Sleeping          |     4 |       ||     4
Armor: Skin              |    12 |     1 ||    13
Dodge: Dodged            |    61 |     4 ||    65
       Rpst.: Falchion   |    24 |     2 ||    26

Table legend: (Time is in decaauts)
 A = Elapsed time spent in this place.
 B = Non-inter-level travel time spent in this place.
 C = Inter-level travel time spent in this place.
 D = Time resting spent in this place.
 E = Time spent auto-exploring this place.
 F = Levels seen in this place.
 G = Mean time per level.
                   A        B        C        D        E       F      G
               +--------+--------+--------+--------+--------+-----+--------+
         Total |   6560 |   6539 |     21 |   4516 |   1788 |   2 | 3280.0 |
       Dungeon |   6560 |   6539 |     21 |   4516 |   1788 |   2 | 3280.0 |
               +--------+--------+--------+--------+--------+-----+--------+

Top non-repeatable levels by time:
     D:1: 5438 daAuts
     D:2: 1121 daAuts
